Unix NetHack Version 5.0.0-0 post-release - last build May 17 2026 04:57:42 (dc50c8380fa5e20985bfe3072449f57b8d9895ef,branch:main).

Game began 2026-05-20 01:28:25, ended 2026-05-20 01:33:47.

DoomChicken, chaotic female elven Priestess

                                 --
                                -.--
              --                ...--
             --.--              G...-
             |....--           ...?..
              -.....--------  ....
              |..%.....--..--...
              |...............-
               -..............|          --
               |.(....).......-------    ...-
               ---.......<..........^.....--
                 |......@...G...G..........-
                 |...........................|
                 --........................| -
                  ---........|.............|
                    |.......---........-----
                    --......|   ..`....|
                     ---.----    .-- ---
                       ---       --

DoomChicken the Aspirant     St:13 Dx:16 Co:13 In:10 Wi:15 Ch:9  Chaotic
Dlvl:3  $:3  HP:0(13) Pw:8(8) AC:7  Xp:1 T:452 

Latest messages:
 What do you want to call? [jkm-p or ?*] M-B
 You don't have that object.
 What do you want to call? [jkm-p or ?*] ?
 Call a whistle: Not Magic
 What do you want to drop? [$a-p or ?*] p
 You drop a whistle called Not Magic.
 You see here a sling.
 q - a sling.
 The little dog picks up a whistle called Not Magic.
 You hear the footsteps of a guard on patrol.
 The door opens.
 You swap places with your little dog.
 You descend the stairs.
 You miss the jackal.
 The jackal bites!
 You kill the jackal!
 You swap places with your little dog.
 The door opens.
 You kill the grid bug!
 You see here a chest.
 r - a turquoise spellbook.
 s - a yellow gem.
 What do you want to read? [ghmr or ?*] ?
 You notice you have no gold!
 You hear the footsteps of a guard on patrol.
 You can move again.
 You swap places with your little dog.
 The door opens.
 $ - 3 gold pieces.
 You see here a food ration.
 t - a food ration.
 You see here a bow.
 You stop.  Your little dog is in the way!
 You stop.  Your little dog is in the way!
 You descend the stairs.
 The gnome picks up a gem.
 A board beneath the gnome lord squeaks a B flat loudly.
 You kill the gnome!
 u - a white gem.
 The gnome zaps a zinc wand!
 The wand misses you.
 The gnome lord wields a blessed bow!
 The gnome zaps a zinc wand!
 The wand hits you!
 You die...
 Do you want your possessions identified? [ynq] (y) y
 Do you want to see your attributes? [ynq] (y) y
 Do you want an account of creatures vanquished? [ynaq] (y) y
 Do you want to see your conduct and achievements? [ynq] (y) y
 Do you want to see the dungeon overview? [ynq] (y) y

Inventory:
 Coins    ('$')
  $ - 3 gold pieces
 Weapons  (')')
  q - a +0 sling
  a - a blessed +1 mace (weapon in right hand)
 Armor    ('[')
  c - a +0 small shield (being worn)
  b - a +0 robe (being worn)
 Comestibles  ('%')
  e - 2 cloves of garlic
  t - a food ration
  f - a sprig of wolfsbane
 Scrolls  ('?')
  m - a scroll of confuse monster
 Spellbooks  ('+')
  r - a spellbook of create familiar
  g - a spellbook of light
  h - a spellbook of protection
 Potions  ('!')
  n - 3 potions of healing
  d - 4 potions of holy water
 Rings    ('=')
  o - a ring of invisibility
 Tools    ('(')
  i - a wooden flute
  l - a tin opener
 Gems/Stones  ('*')
  j - an aquamarine stone
  k - a worthless piece of blue glass
  u - a worthless piece of white glass
  s - a worthless piece of yellow glass

DoomChicken the Priestess's attributes:

Background:
 You were an Aspirant, a level 1 elven Priestess.
 You were chaotic, on a mission for Set
 who was opposed by Mitra (lawful) and Crom (neutral).
 You were right-handed.
 You were in the Gnomish Mines, on level 3.
 You entered the dungeon 452 turns ago.
 It was nighttime.
 You had 17 experience points, 3 more were needed to attain level 2.

Basics:
 You had 0 out of 13 hit points.
 You had all 8 energy points (spell power).
 Your armor class was 7.
 Your wallet contained 3 zorkmids.
 Autopickup was on for '?!/"$=+' plus thrown.

Final Characteristics:
 Your strength was 13 (limit:18).
 Your dexterity was 16 (limit:18).
 Your constitution was 13 (limit:16).
 Your intelligence was 10 (limit:20).
 Your wisdom was 15 (limit:20).
 Your charisma was 9 (limit:18).

Final Status:
 You weren't hungry.
 You were unencumbered.
 You were wielding a mace.
 You had basic skill with mace.

Final Attributes:
 You were fervently aligned.
 You had infravision.
 You were guarded.
 Your spell casting was enhanced by wearing a robe.
 You are dead.

Miscellaneous:
 You didn't encounter any bones levels.
 Total elapsed playing time was 5 minutes and 21 seconds.

Major events:
 Turn
    1: DoomChicken the chaotic elven Priestess entered the dungeon
  443: entered the Gnomish Mines
  452: killed by a wand

Spells:
 Name                 Level Category     Fail Retention
 light                  1   clerical       0%  91%-100%
 protection             1   clerical       0%  91%-100%

Skills:
 Fighting Skills
   bare handed combat [Unskilled]
 Weapon Skills
   club               [Unskilled]
   mace               [Basic]
   morning star       [Unskilled]
   flail              [Unskilled]
   hammer             [Unskilled]
   quarterstaff       [Unskilled]
   polearms           [Unskilled]
   spear              [Unskilled]
   trident            [Unskilled]
   lance              [Unskilled]
   bow                [Unskilled]
   sling              [Unskilled]
   crossbow           [Unskilled]
   dart               [Unskilled]
   shuriken           [Unskilled]
   boomerang          [Unskilled]
   unicorn horn       [Unskilled]
 Spellcasting Skills
   healing spells     [Unskilled]
   divination spells  [Unskilled]
   clerical spells    [Basic]

Voluntary challenges:
 Character rerolling was not enabled.
 You went without food.
 You were an atheist.
 You never genocided any monsters.
 You never polymorphed an object.
 You never changed form.
 You used no wishes.
Achievement:
 You entered the Gnomish Mines.

 The Dungeons of Doom: levels 1 to 2
    Level 1:
       A fountain, a sink.
    Level 2:
       Stairs down to The Gnomish Mines.
 The Gnomish Mines:
    Level 3: <- You were here.
       Final resting place for
          you, killed by a wand.


Vanquished creatures:
  a gnome
  3 jackals
  2 grid bugs
  a lichen
  a kobold zombie
8 creatures vanquished.

No species were genocided or became extinct.

Game over:
                       ----------
                      /          \
                     /    REST    \
                    /      IN      \
                   /     PEACE      \
                  /                  \
                  |   DoomChicken    |
                  |       3 Au       |
                  | killed by a wand |
                  |                  |
                  |                  |
                  |                  |
                  |       2026       |
                 *|     *  *  *      | *
        _________)/\\_//(\/(/\)/\//\/|_)_______

Goodbye DoomChicken the Priestess...

You died in The Gnomish Mines on dungeon level 3 with 171 points,
and 3 pieces of gold, after 452 moves.
You were level 1 with a maximum of 13 hit points when you died.

